 Dungeon Crawl Stone Soup version 0.30-a0-272-gf98c3da03f (webtiles) character file.

Game seed: 4186641844080550456

37 Anon1729 the Trooper (level 3, -1/29 HPs)
             Began as a Mummy Monk on Oct 15, 2022.
             Slain by an endoplasm (2 damage)
             ... on level 3 of the Dungeon.
             The game lasted 00:01:52 (647 turns).

Anon1729 the Trooper (Mummy Monk)                    Turns: 647, Time: 00:01:52

Health: -1/29      AC:  3    Str: 16    XL:     3   Next: 23%
Magic:  3/3        EV: 12    Int:  9    God:
Gold:   74         SH:  0    Dex: 14    Spells: 2/2 levels left

rFire   x . .      SeeInvis .    a - +0 spear
rCold   + . .      Faith    +    (no shield)
rNeg    + + +      Spirit   .    b - +1 robe
rPois   ∞          Reflect  .    (no helmet)
rElec   .          Harm     .    (no cloak)
rCorr   .          Rampage  .    (no gloves)
Will    .....                    (no boots)
Stlth   ++........               (no amulet)
HPRegen 0.24/turn                (no ring)
MPRegen 0.08/turn                (no ring)

@: weak-willed
A: cold resistance 1, negative energy resistance 3, torment resistance 2, heat
vulnerability 1, in touch with death 1, no potions, faith
a: no special abilities


You were on level 3 of the Dungeon.
You visited 1 branch of the dungeon, and saw 4 of its levels.

You collected 74 gold pieces.

Inventory:

Hand Weapons
 a - a +0 spear (weapon)
Armour
 b - a +1 robe (worn)
Scrolls
 e - a scroll of teleportation
 g - 2 scrolls of noise


   Skills:
 + Level 3.3 Fighting
 * Level 2.8 Polearms
 + Level 0.3 Armour
 + Level 2.6 Dodging
 + Level 2.1 Stealth


You had 2 spell levels left.
You didn't know any spells.
Your spell library was empty.

Dungeon Overview and Level Annotations

Branches:
Dungeon (4/15)
 Temple: D:4-7

Altars:

Annotations:
D:3 2 runed translucent doors, Lanoc's ghost, amateur DsGl
D:4 exclusion: phantom


Innate Abilities, Weirdness & Mutations

You are immune to poison.
Your flesh is cold resistant. (rC+)
You are immune to negative energy. (rN+++)
You are immune to unholy pain and torment.
You are vulnerable to heat. (rF-)
You are in touch with the powers of death.
You do not drink.
You have a special connection with the divine. (Faith)


Message History

You enter a dispersal trap!
The orc blinks! x4; The endoplasm blinks!
The orc blinks! x2; You blink.
An orc comes into view. It is wielding a +0 club.
The orc shouts! x2
The orc barely misses you. The orc hits you with a +0 flail.
You see here a book of Geomancy.
The orc attacks as you move away! The orc hits you with a +0 flail.
Really walk into that dispersal trap?
The orc attacks as you move away! The orc closely misses you.
You enter a dispersal trap!
The orc blinks! x4; You blink.
The orc completely misses you. The endoplasm attacks as you move away!
The endoplasm hits you. The orc hits you with a +0 hand axe.
The endoplasm attacks as you move away!
The endoplasm hits you but does no damage.
The orc hits you with a +0 hand axe!
* * * LOW HITPOINT WARNING * * *
As you read the scroll labelled DIGORU EGUTEWK, it crumbles to dust.
You hear a loud clanging noise!
It was a scroll of noise.
The orc closely misses you. The endoplasm freezes you.
You are frozen.
You resist.
* * * LOW HITPOINT WARNING * * *
As you read the scroll labelled FOTRUZXOFF, it crumbles to dust.
It is a scroll of enchant armour.
Your +0 robe glows green for a moment.
The orc hits you with a +0 hand axe.
* * * LOW HITPOINT WARNING * * *
The endoplasm barely misses you.
As you read the scroll labelled IZEVEU GIYNK, it crumbles to dust.
It is a scroll of identify.
e - a scroll of teleportation The orc closely misses you.
The endoplasm freezes you.
You are frozen.
You resist.
* * * LOW HITPOINT WARNING * * *
As you read the scroll labelled QUDGHO EMMOS, it crumbles to dust.
Magic quickly surges around you.
It was a scroll of vulnerability.
The orc closely misses you. The endoplasm hits you.
You die...

# ##### .### ####.#@#
..#.## ##.#.ooJ# .....#
##.....o## #..# ......
#......## #..# #....##
##....## #..#
#.....###.....# #..#
#...J..#....#.# ####
#..#
####o.###..##.###~#.###
#..#
#..§#...##.#.#..!..##
#..#


You could see 3 orcs and an endoplasm (weak-willed).

Vanquished Creatures
  An adder (D:2)
  3 dart slugs (D:1)
  An orc (D:3)
  An endoplasm (D:4)
  A giant cockroach (D:4)
  A goblin (D:1)
  2 hobgoblins (D:1)
  A jackal (D:2)
  2 quokkas (D:1)
  4 bats (D:1)
  A frilled lizard (D:1)
  A kobold (D:1)
  3 rats (D:1)
22 creatures vanquished.

Notes
Turn   | Place    | Note
-------+----------+-------------------------------------------
     0 | D:1      | Anon1729 the Mummy Monk began the quest for the Orb.
     0 | D:1      | Reached XP level 1. HP: 18/18 MP: 1/1
    83 | D:1      | Reached XP level 2. HP: 17/24 MP: 2/2
   419 | D:2      | Gained mutation: You are in touch with the powers of death.
                  | [Mummy growth]
   419 | D:2      | Reached XP level 3. HP: 18/29 MP: 3/3
   466 | D:2      | You fall into a shaft and drop 2 floors!
   504 | D:4      | Noticed a phantom
   572 | D:3      | Found a large runed translucent door.
   572 | D:3      | Found a large runed translucent door.
   573 | D:3      | Noticed Lanoc's ghost (amateur DsGl)
   645 | D:3      | HP: 1/29 [orc/+0 hand axe (6)]
   647 | D:3      | Slain by an endoplasm

Illustrated notes

Levels and vault maps discovered:
D:1:      saegor_arrival_miasma, layout_basic
D:2:      layout_basic, shapermc_ecumenical_altar_gd, serial_bayou_pond_b
D:3:      layout_basic, palyth_temple_overflow_mages,
          ebering_ghost_disaster_area, nicolae_figureground_sparkle
D:4:      layout_rooms, minmay_parallelograms

Skill      XL: |  1  2 |
---------------+-------+-----
Stealth        | 2 |  2.1
Fighting       | |  3.3
Polearms       | |  2.8
Armour         | |  0.3
Dodging        | |  2.6

Action                   || total
-------------------------++-------
Melee: Spear             ||    93
  Use: Scroll            ||     4
 Stab: Sleeping          ||     7
Armor: Robe              ||    21
Dodge: Dodged            ||    67

Table legend: (Time is in decaauts)
 A = Elapsed time spent in this place.
 B = Non-inter-level travel time spent in this place.
 C = Inter-level travel time spent in this place.
 D = Time resting spent in this place.
 E = Time spent auto-exploring this place.
 F = Levels seen in this place.
 G = Mean time per level.
                   A        B        C        D        E       F      G
               +--------+--------+--------+--------+--------+-----+--------+
         Total |    643 |    643 |      0 |     91 |    327 |   4 |  160.8 |
       Dungeon |    643 |    643 |      0 |     91 |    327 |   4 |  160.8 |
               +--------+--------+--------+--------+--------+-----+--------+

Top non-repeatable levels by time:
     D:1: 345 daAuts
     D:2: 118 daAuts
     D:3: 115 daAuts
     D:4: 64 daAuts
